 Dungeon Crawl Stone Soup version 0.29.0-4-gdea44cf6ec (webtiles) character file.

Game seed: 12765144527444895226

1 qw the Sneak (level 1, -1/14 HPs)
             Began as a Ghoul Enchanter on Sept 8, 2022.
             Slain by a hobgoblin (3 damage)
             ... on level 1 of the Dungeon.
             The game lasted 00:00:03 (179 turns).

qw the Sneak (Ghoul Enchanter)                       Turns: 179, Time: 00:00:04

Health: -1/14      AC:  2    Str: 11    XL:     1   Next: 20%
Magic:  2/2        EV:  9    Int: 10    God:
Gold:   0          SH:  0    Dex:  9    Spells: 3/3 levels left

rFire   . . .      SeeInvis .   a - +1 dagger
rCold   + . .      Faith    .   (no shield)
rNeg    + + +      Spirit   .   b - +0 robe
rPois   inf        Reflect  .   (no helmet)
rElec   .          Harm     .   (no cloak)
rCorr   .          Rampage  .   (no gloves)
Will    .....                   (no boots)
Stlth   ++........              (no amulet)
HPRegen 0.00/turn               (no ring)
MPRegen 0.08/turn               (no ring)

@: inhibited regen, constricted
A: claws 1, cold resistance 1, negative energy resistance 3, inhibited
regeneration, torment resistance 2, devour on kill
a: no special abilities


You were on level 1 of the Dungeon.
You visited 1 branch of the dungeon, and saw 1 of its levels.


Innate Abilities, Weirdness & Mutations

You are immune to poison.
You have sharp fingernails.
Your flesh is cold resistant. (rC+)
You are immune to negative energy. (rN+++)
You do not regenerate when monsters are visible.
You are immune to unholy pain and torment.
You thrive by killing the living.


   Skills:
 - Level 0.8 Short Blades
 + Level 0.3 Axes
 - Level 1.7 Dodging
 - Level 3.2 Stealth
 - Level 1.7 Spellcasting
 - Level 2.4 Hexes


You had 3 spell levels left.
You didn't know any spells.
Your spell library contained the following spells:

 Spells                   Type           Power      Damage    Failure   Level
 Ensorcelled Hibernation  Hex/Ice        6%         N/A       30%         2
 Confusing Touch          Hex            5%         N/A       34%         3
 Tukima's Dance           Hex            5%         N/A       34%         3
 Dazzling Flash           Conj/Hex       6%         N/A       52%         3

Inventory:

Hand Weapons
 a - a +1 dagger (weapon)
Armour
 b - a +0 robe (worn)
 e - a +0 scale mail
Potions
 c - 2 potions of invisibility
 d - a potion of heal wounds {unknown}

Dungeon Overview and Level Annotations

Branches:
Dungeon (1/15)

Altars:


Message History

You barely miss the hobgoblin. The hobgoblin misses you.
You hit the hobgoblin but do no damage. The hobgoblin barely misses you.
171 ||| Stepping ~*~*~tactically~*~*~ (outnumbered).
The dart slug launches a dart at you. The slug dart hits you.
You hit the hobgoblin.
The hobgoblin is moderately wounded.
The hobgoblin hits you.
173 ||| Stepping ~*~*~tactically~*~*~ (outnumbered).
The hobgoblin attacks as you move away! The hobgoblin closely misses you.
The ball python attacks as you move away!
The ball python barely misses you. The dart slug launches a dart at you.
The slug dart hits you. The goblin barely misses you.
You hit the hobgoblin.
The hobgoblin is severely wounded.
The ball python misses you. The ball python barely misses you.
The hobgoblin hits you but does no damage.
The goblin closely misses you.
175 ||| Stepping ~*~*~tactically~*~*~ (outnumbered).
The ball python attacks as you move away!
The ball python closely misses you. The goblin attacks as you move away!
The goblin hits you with a +0 dagger.
176 ||| Stepping ~*~*~tactically~*~*~ (outnumbered).
The hobgoblin barely misses you.
You hit the hobgoblin but do no damage.
The hobgoblin is severely wounded.
The ball python bites you. The ball python barely misses you.
The hobgoblin barely misses you. The ball python completely misses you.
The ball python misses you.
You hit the hobgoblin but do no damage.
The hobgoblin is severely wounded.
The ball python misses you. The ball python grabs you.
The ball python constricts you.
You barely miss the ball python. The ball python barely misses you.
The ball python constricts you. The kobold closely misses you.
The hobgoblin hits you.
You die...

...?.. ...## #.... ....#
. #...# ....#.# ## ...
##..w...#
..####.##.)...###
..........w$.....
....####rg#...## #
#..###SK#...###
#...#g@.......
#############.%......###
#...............######
#.##..########.......
...##+# #..#....
#####.#### .......#
##..#.#..## ..##.#._..
#.#.#.#.#.#.## .. ..#
#..#...#..# #.}.\#


You could see a dart slug, a quokka, a hobgoblin, a goblin, a ball python and a
kobold.

Vanquished Creatures
  A ball python (D:1)
1 creature vanquished.

Notes
Turn   | Place    | Note
-------+----------+-------------------------------------------
     0 | D:1      | qw the Ghoul Enchanter began the quest for the Orb.
     0 | D:1      | Reached XP level 1. HP: 14/14 MP: 2/2
     0 | D:1      | 0 ||| qw: Version: 0.1-a-112-g44dc6cd
     0 | D:1      | 0 ||| qw: Game counter: 6814
     0 | D:1      | 0 ||| qw: Always use a shield: true
     0 | D:1      | 0 ||| qw: God list: Okawaru
     0 | D:1      | 0 ||| qw: Allow faded altars: false
     0 | D:1      | 0 ||| qw: Do Orc after D:15 true
     0 | D:1      | 0 ||| qw: Do second Lair branch before Depths: true
     0 | D:1      | 0 ||| qw: Lair rune preference: random
     0 | D:1      | 0 ||| qw: Plans: Normal
     0 | D:1      | 0 ||| PLANNING D:1-11
   161 | D:1      | Found a faded altar of an unknown god.
   163 | D:1      | 163 ||| Stepping ~*~*~tactically~*~*~ (stealth).
   166 | D:1      | 166 ||| Stepping ~*~*~tactically~*~*~ (stealth).
   167 | D:1      | 167 ||| Stepping ~*~*~tactically~*~*~ (hiding).
   171 | D:1      | 171 ||| Stepping ~*~*~tactically~*~*~ (outnumbered).
   173 | D:1      | 173 ||| Stepping ~*~*~tactically~*~*~ (outnumbered).
   175 | D:1      | 175 ||| Stepping ~*~*~tactically~*~*~ (outnumbered).
   176 | D:1      | 176 ||| Stepping ~*~*~tactically~*~*~ (outnumbered).
   178 | D:1      | HP: 3/14 [constriction (1)]
   179 | D:1      | Slain by a hobgoblin

Levels and vault maps discovered:
D:1:      nzn_arrival_crosshair, layout_rooms,
          ebering_ecumenical_altar_abandoned

Action                   || total
-------------------------++-------
Melee: Dagger            ||    12
Armor: Robe              ||     4
Dodge: Dodged            ||    18

Table legend:
 A = Non-vault XP
 B = Vault XP
 C = Vault XP percentage of total XP
 D = Non-vault monster count
 E = Vault monster count
 F = Vault count percentage of total count
                 A         B        C        D         E       F
            +---------+---------+-------+---------+---------+-------
      Total |       2 |       0 |   0.0 |       1 |       0 |   0.0
            +---------+---------+-------+---------+---------+-------
        D:1 |       2 |       0 |   0.0 |       1 |       0 |   0.0
            +---------+---------+-------+---------+---------+-------
